cohdb
Replays
Latest Replays
All Replays
Popular Replays
Top Player Replays
Match Explorer
How It Works
Community
CoH3 Stats
Reddit
Sign in to upload your games and track your stats! →
Sign in with Steam
Match 42092865
Unlisted
Match 42092865
Overview
Messages
Build Orders
End
Kettenkrad Recon Vehicle
Construct Infanterie Kompanie
Selects Terror Battlegroup
Selects Machine Gun Camouflage
MG 42 Machine Gun Team
Grenadier Squad
MG 42 Machine Gun Team
MG 42 Bunker
Construct Luftwaffe Kompanie
Pioneer Squad
Jäger Squad
Selects Contempt for the Weak
Flak 30 Anti-aircraft Gun Team
Construct Panzergrenadier Kompanie
GrW 34 Mortar Team
Pak 40 Anti-tank Gun Team
Guderian ITA
Flirtz
0
0
Comments
sign in to comment!
No comments posted yet!